 Dungeon Crawl Stone Soup version 0.28-a0-1167-g616b1c6417 (webtiles) character file.

Game seed: 15802528683860084692

817 Ijustatesigmund the Skirmisher (level 7, -5/69 HPs)
             Began as a Gargoyle Fighter on Dec 16, 2021.
             Slain by an ogre (14 damage)
             ... on level 4 of the Dungeon.
             The game lasted 00:07:13 (4547 turns).

Ijustatesigmund the Skirmisher (Gargoyle Fighter)   Turns: 4547, Time: 00:07:13

Health: -5/69      AC: 23    Str: 20    XL:     7   Next: 94%
Magic:  7/7        EV:  2    Int: 10    God:
Gold:   130        SH:  9    Dex:  9    Spells: 4/6 levels left

rFire   . . .      SeeInvis .   a - +2 flail
rCold   . . .      Faith    .   c - +1 kite shield
rNeg    + . .      Spirit   .   (armour currently unavailable)
rPois   ∞          Reflect  .   (helmet currently unavailable)
rElec   .          Harm     .   (cloak currently unavailable)
rCorr   .          Rampage  .   (gloves currently unavailable)
Will    .....      NoTele   +   (boots currently unavailable)
Stlth   +.........              (no amulet)
HPRegen 0.00/turn               (no ring)
MPRegen 0.10/turn               (no ring)

@: tree-form, inhibited regen
A: stationary, stasis, torment immunity, boosted hp, sickness immunity, AC +4,
negative energy resistance 1, (electricity resistance), torment resistance 1,
petrification resistance, (large bone plates 1), inhibited regeneration
a: no special abilities


You were on level 4 of the Dungeon.
You were a tree.
You visited 1 branch of the dungeon, and saw 4 of its levels.

You collected 130 gold pieces.

Inventory:

Hand Weapons
 a - a +2 flail (weapon)
Armour
 b - a +0 plate armour (melded)
 c - a +1 kite shield (worn)
 e - a +0 helmet (melded)
 i - a +0 pair of gloves (melded)
Wands
 j - a wand of polymorph (8)
Potions
 d - a potion of curing
 g - a potion of resistance
 h - a potion of flight
 k - a potion of mutation


   Skills:
 + Level 6.1 Fighting
 + Level 5.5 Maces & Flails
 - Level 4.4 Armour
 + Level 2.1 Dodging
 - Level 4.5 Shields


You had 4 spell levels left.
You knew the following spells:

 Your Spells              Type           Power      Damage    Failure   Level
a - Apportation           Tloc           0%         N/A       82%         1
b - Animate Skeleton      Necr           0%         N/A       82%         1

Your spell library contained the following spells:

 Spells                   Type           Power      Damage    Failure   Level
 Magic Dart               Conj           0%         1d3       82%         1
 Summon Small Mammal      Summ           0%         N/A       82%         1
 Call Imp                 Summ           0%         N/A       91%         2
 Mephitic Cloud           Conj/Pois/Air  0%         N/A       99%         3


Dungeon Overview and Level Annotations

Branches:
Dungeon (4/15)
 Temple: D:4-7

Altars:
Ashenzari
Hepliaklqana
Kikubaaqudgha
Nemelex Xobeh
Qazlal
Xom


Innate Abilities, Weirdness & Mutations

You are a tree.
Your roots penetrate the ground, keeping you stationary.
You cannot be teleported.
You are immune to unholy pain and torment.
Your maximum health is greatly increased.
Your equipment is partially melded.
You are immune to sickness and miasma.
((Your stone body is resilient. (AC +4)))
You are immune to poison.
You resist negative energy. (rN+)
((You are resistant to electric shocks. (rElec)))
You are resistant to unholy torment.
You are immune to petrification.
((You are partially covered in large bone plates. (SH +4)))
You do not regenerate when monsters are visible.


Message History

No target in view!
No target in view!
No target in view!
No target in view!
No target in view!
An ogre comes into view. It is wielding a +0 giant club.
The ogre shouts!
You hear a shout!
You block the ogre's attack.
You barely miss the ogre. The ogre hits you with a +0 giant club!
You barely miss the ogre. The ogre hits you with a +0 giant club!
You are too injured to fight recklessly!
You are too injured to fight recklessly!
You are too injured to fight recklessly!
You are too injured to fight recklessly!
You are too injured to fight recklessly!
You are too injured to fight recklessly!
You are too injured to fight recklessly!
You are too injured to fight recklessly!
You are too injured to fight recklessly!
You are too injured to fight recklessly!
You barely miss the ogre. The ogre hits you but does no damage.
A goblin comes into view. It is wielding a +0 club.
The goblin shouts!
You hit the ogre.
The ogre is lightly wounded.
The ogre hits you with a +0 giant club!!
* * * LOW HITPOINT WARNING * * *
It was a potion of mutation.
You feel extremely strange.
Your regeneration stops near monsters.
Large bone plates grow over parts of your arms.
You block the ogre's attack.
You aren't carrying any scrolls.
Really quaff the potion of lignification?
You turn into a tree.
Your +0 helmet melds into your body.
Your +0 pair of gloves melds into your body.
Your +0 plate armour melds into your body.
Your roots penetrate the ground.
A giant cockroach comes into view.
You feel better. The ogre hits you with a +0 giant club!
You die...

..# #..#### #############.# ..#
#..#..###.)|#.[#..#(#.# ..#
#.......###...##.##.#># ..#
#..#......###....#..#.# ..#
#..#'#......###..).##.#
..#######..#.###......###...#.#
..##...##..#...###......###.#.#
.###....##.###...###......#'#.#
## #.......# ###♣..###......#.#
#....(..# ##Og##......##.#
#######.# B##......###.# #.#
##......## #.# #.# ##......##
#.# #.# ##......## #.# #.#
##......## #.### ######.#
##......## #....
#...<..###......## #....


You could see an ogre, a giant cockroach and a goblin.

Vanquished Creatures
  A water moccasin (D:4)
  2 ogres
  A phantom (D:4)
  A scorpion (D:4)
  A water moccasin zombie (D:4)
  2 vampire bats (D:4)
  A hound (D:4)
  A jelly (D:4)
  A bullfrog skeleton (D:4)
  An orc priest (D:4)
  Terence (D:2)
  2 adders
  3 gnolls (D:3)
  2 adder skeletons (D:4)
  2 worms
  2 dart slugs
  4 orcs (D:4)
  2 bat skeletons (D:4)
  3 bat zombies (D:4)
  5 endoplasms
  A giant cockroach (D:2)
  3 goblins
  6 hobgoblins
  3 jackals (D:1)
  6 kobolds
  3 quokkas
  6 ball pythons
  9 bats
  4 frilled lizards
  5 rats
84 creatures vanquished.

Notes
Turn   | Place    | Note
-------+----------+-------------------------------------------
     0 | D:1      | Ijustatesigmund the Gargoyle Fighter began the quest for
                  | the Orb.
     0 | D:1      | Reached XP level 1. HP: 14/14 MP: 1/1
   132 | D:1      | Reached XP level 2. HP: 19/19 MP: 2/2
   458 | D:1      | Reached skill level 4 in Fighting
   466 | D:1      | Reached XP level 3. HP: 11/24 MP: 3/3
  1131 | D:2      | Noticed Terence
  1140 | D:2      | Killed Terence
  1141 | D:2      | Reached XP level 4. HP: 7/29 MP: 4/4
  1655 | D:2      | Found a faded altar of an unknown god.
  2302 | D:3      | Noticed an ogre
  2306 | D:3      | Killed an ogre
  2307 | D:3      | Reached XP level 5. HP: 34/34 MP: 5/5
  2314 | D:3      | Found a sparkling altar of Nemelex Xobeh.
  2445 | D:3      | Found a broken altar of Ashenzari.
  2839 | D:3      | Found a shimmering altar of Xom.
  2862 | D:3      | Found a stormy altar of Qazlal.
  3297 | D:4      | Noticed an ogre
  3305 | D:4      | Reached XP level 6. HP: 19/40 MP: 6/6
  3310 | D:4      | HP: 3/60 [ogre (15)]
  3319 | D:4      | HP: 3/60 [ogre (17)]
  3321 | D:4      | HP: 1/60 [scorpion (3)]
  3322 | D:4      | Reached skill level 5 in Fighting
  3678 | D:4      | Reached XP level 7. HP: 40/44 MP: 7/7
  3719 | D:4      | Reached skill level 5 in Maces & Flails
  3719 | D:4      | Reached skill level 1 in Dodging
  3889 | D:4      | Found a hazy altar of Hepliaklqana.
  4012 | D:4      | Learned a level 1 spell: Apportation
  4014 | D:4      | Learned a level 1 spell: Animate Skeleton
  4142 | D:4      | Found an ancient bone altar of Kikubaaqudgha.
  4257 | D:4      | Reached skill level 6 in Fighting
  4544 | D:4      | HP: 2/46 [ogre (18)]
  4545 | D:4      | Gained mutation: You do not regenerate when monsters are
                  | visible. [potion of mutation]
  4545 | D:4      | Gained mutation: You are partially covered in large bone
                  | plates. (SH +4) [potion of mutation]
  4547 | D:4      | Slain by an ogre

Illustrated notes

Levels and vault maps discovered:
D:1:      heliophobic_arrival_ceremonial_halls, layout_rooms,
          hangedman_decor_diamond_cutter, corexii_leaking_fountain
D:2:      layout_loops_cross, shapermc_ecumenical_altar_totnotflames,
          minmay_split_cup_large, uniq_terence
D:3:      layout_basic, ashenzari_conservatory_becter,
          mainiacjoe_overflow_24_doors, mainiacjoe_overflow_two_lobes
D:4:      minmay_razor_zed, layout_rooms, kennysheep_vampire_church,
          nicolae_hepliaklqana_hippocampus, wad_rectangle_vault

Skill      XL: |  1  2  3  4  5  6  7 |
---------------+----------------------+-----
Fighting       | 4 5 6 |  6.1
Maces & Flails | 3 4 5 |  5.5
Shields        | 4 |  4.5
Armour         | 4 |  4.4
Dodging        | 2 |  2.1

Action                   |  1- 3 |  4- 6 |  7- 9 || total
-------------------------+-------+-------+-------++-------
Melee: Flail             |   103 |   170 |    88 ||   361
  Use: Scroll            |     5 |     4 |     2 ||    11
       Potion            |       |     6 |     3 ||     9
Armor: Scale mail        |    17 |       |       ||    17
       Plate armour      |    89 |   121 |    82 ||   292
       Skin              |       |    18 |       ||    18
Dodge: Dodged            |    31 |    27 |    16 ||    74
Block: Buckler           |     8 |       |       ||     8
       Kite shield       |    38 |    87 |    44 ||   169

Table legend: (Time is in decaauts)
 A = Elapsed time spent in this place.
 B = Non-inter-level travel time spent in this place.
 C = Inter-level travel time spent in this place.
 D = Time resting spent in this place.
 E = Time spent auto-exploring this place.
 F = Levels seen in this place.
 G = Mean time per level.
                   A        B        C        D        E       F      G
               +--------+--------+--------+--------+--------+-----+--------+
         Total |   4698 |   4628 |     70 |   1117 |   2616 |   4 | 1174.5 |
       Dungeon |   4698 |   4628 |     70 |   1117 |   2616 |   4 | 1174.5 |
               +--------+--------+--------+--------+--------+-----+--------+

Top non-repeatable levels by time:
     D:3: 1646 daAuts
     D:2: 1109 daAuts
     D:4: 1084 daAuts
     D:1: 858 daAuts
